 Dungeon Crawl Stone Soup version 0.25.1-2-g60ff931df9 (webtiles) character file.

Game seed: 14751443661060125763

58300 DearestLeader the Basher (level 14, -18/98 HPs)
             Began as a Demonspawn Gladiator on Oct 9, 2020.
             Was a High Priest of Qazlal.
             Demolished by an orc warrior
             ... wielding a +0 long sword
             ... led by an orc warlord
              (30 damage)
             ... on level 9 of the Dungeon on Oct 10, 2020.
             The game lasted 00:47:57 (16915 turns).

DearestLeader the Basher (Demonspawn Gladiator)    Turns: 16915, Time: 00:47:57

Health: -18/98     AC: 31    Str: 20    XL:     14   Next: 49%
Magic:  23/23      EV: 12    Int: 10    God:    Qazlal [*****.]
Gold:   1731       SH:  6    Dex: 14    Spells: 13/13 levels left

rFire    . . .     SeeInvis .   X - +1 battleaxe (freeze)
rCold    . . .     Gourm    .   (shield currently unavailable)
rNeg     + . .     Faith    .   I - +4 chain mail
rPois    +         Spirit   .   o - +2 helmet
rElec    .         Reflect  .   N - +1 cloak {MR+}
rCorr    .         Harm     .   F - +0 pair of gloves
MR       ++...                  (boots unavailable)
Stlth    ..........             u - amulet of regeneration
HPRegen  0.66/turn              M - ring of poison resistance
MPRegen  0.18/turn              e - ring of positive energy

@: protected from physical damage, repel missiles
A: hooves 3, iridescent scales 2, powered by death 1, spiny 1
a: Upheaval, Elemental Force, Disaster Area, Renounce Religion


You were on level 9 of the Dungeon.
You worshipped Qazlal.
Qazlal was extremely pleased with you.
You were not hungry.

You visited 4 branches of the dungeon, and saw 20 of its levels.

You collected 1731 gold pieces.

Inventory:

Hand Weapons
 X - a +1 battleaxe of freezing (weapon)
Missiles
 d - 8 throwing nets
 h - 64 poisoned darts (quivered)
Armour
 o - a +2 helmet (worn)
 F - a +0 pair of gloves (worn)
 I - a +4 chain mail (worn)
 K - the +3 scale mail of the Painted Slorg {MR+}
   (You found it on level 6 of the Lair of Beasts)

   It affects your resistance to hostile enchantments.
 N - a +1 cloak of magic resistance (worn)
Jewellery
 e - a ring of positive energy (right hand)
 g - an uncursed ring of resist corrosion
 i - a +6 ring of strength
 u - an amulet of regeneration (around neck)
 J - an uncursed ring of ice
 M - a ring of poison resistance (left hand)
 S - an uncursed ring of fire
Wands
 t - a wand of paralysis (18)
 z - a wand of flame (21)
 D - a wand of digging (9)
 E - a wand of random effects (13)
 L - a wand of disintegration (50)
 O - a wand of clouds (7)
 U - a wand of polymorph (17)
Scrolls
 b - a scroll of fear
 c - 3 scrolls of enchant armour
 l - 8 scrolls of amnesia
 m - 8 scrolls of remove curse
 n - 3 scrolls of enchant weapon
 s - 6 scrolls of magic mapping
 w - 3 scrolls of torment {unknown}
 x - 4 scrolls of fog
 y - 2 scrolls of blinking {unknown}
 H - 2 scrolls of teleportation
 R - a scroll of holy word {unknown}
 V - a scroll of noise {unknown}
 W - a scroll of brand weapon {unknown}
Potions
 a - a potion of ambrosia
 j - 14 potions of curing
 q - 4 potions of brilliance
 r - 6 potions of stabbing
 v - 6 potions of mutation
 A - 2 potions of magic {unknown}
 B - a potion of resistance {unknown}
 C - 2 potions of haste {unknown}
 G - a potion of degeneration {unknown}
 P - a potion of cancellation {unknown}
 Q - 5 potions of heal wounds
 Z - 2 potions of invisibility {unknown}
Comestibles
 f - 29 rations


   Skills:
 - Level 5.0 Fighting
 * Level 7.1(11.5) Axes
   Level 13.7(14.3) Maces & Flails
   Level 2.6(5.2) Polearms
 - Level 1.7 Throwing
 + Level 12.3 Armour
 + Level 8.4 Dodging
 + Level 12.6 Invocations


You had 13 spell levels left.
You didn't know any spells.
Your spell library contained the following spells:

 Spells                   Type           Power        Failure   Level  Hunger
 Magic Dart               Conj           #...         93%         1    ##.....
 Sandblast                Erth           #.....       93%         1    ##.....
 Blink                    Tloc           N/A          98%         2    ###....
 Call Imp                 Summ           #.......     98%         2    ###....
 Corpse Rot               Necr/Air       N/A          98%         2    ###....
 Passwall                 Tmut/Erth      #.......     98%         2    ###....
 Slow                     Hex            #.......     98%         2    ###....
 Swiftness                Chrm/Air       #.......     98%         2    ###....
 Confusing Touch          Hex            #.......     100%        3    ####...
 Conjure Flame            Conj/Fire      #.......     100%        3    ####...
 Ignite Poison            Fire/Tmut/Pois #.......     100%        3    ####...
 Mephitic Cloud           Conj/Pois/Air  #.......     100%        3    ####...
 Stone Arrow              Conj/Erth      #.....       100%        3    ####...
 Airstrike                Air            #.........   100%        4    #####..
 Petrify                  Tmut/Erth      #.......     100%        4    #####..
 Fireball                 Conj/Fire      #.........   100%        5    ######.
 Lee's Rapid Deconstruct  Erth           #.........   100%        5    ######.
 Starburst                Conj/Fire      #.........   100%        6    #######
 Ring of Flames           Chrm/Fire      #.........   100%        7    #######
 Ignition                 Fire           #.........   100%        8    #######
 Tornado                  Air            #.........   100%        9    #######


Dungeon Overview and Level Annotations

Branches:
Dungeon (12/15)            Temple (1/1) D:6            Lair (6/6) D:10
  Swamp (0/4) Lair:3        Snake (0/4) Lair:2        Slime (0/5) Lair:6
    Orc (1/2) D:9

Altars:
Ashenzari
Cheibriados
Dithmenos
Elyvilon
Gozag
Hepliaklqana
Kikubaaqudgha
Makhleb
Nemelex Xobeh
Okawaru
Qazlal
Ru
Sif Muna
Uskayaw
Wu Jian
Xom
Yredelemnul
Zin
The Shining One
Beogh
Jiyva

Shops:
D:7 (

Annotations:
Lair:1 1 runed translucent door, Lavandula's ghost, journeyman CeAM
Lair:5 exclusion: oklob plant


Innate Abilities, Weirdness & Mutations

You have hooves in place of feet.
You are mostly covered in iridescent scales. (AC +4)
You regenerate a little health from kills.
You are partially covered in sharp spines.


Message History

There is a staircase to the Orcish Mines here.
The orc warrior no longer looks unusually strong.
The orc warlord roars a battlecry!
The orc warrior goes into a battle-frenzy!
The orc warrior is engulfed in freezing vapours.
The orc warrior hits you with a +0 dire flail!
You feel more protected from physical attacks.
The orc warrior no longer looks unusually strong.
The orc warlord roars a battlecry!
The orc warrior goes into a battle-frenzy!
The orc warrior is engulfed in freezing vapours.
The orc warrior hits you with a +0 dire flail!!
* * * LOW HITPOINT WARNING * * *
You feel more protected from physical attacks.
The orc warrior is engulfed in freezing vapours.
You kill the orc warrior!
Qazlal accepts your kill.
The orc warrior is struck by your spines.
The orc warrior hits you with a +0 long sword!!
You die...

...#########.#.....# #........
...# #.#.....# #........ ...#
#.###'### #........ ...#
#.#8...8# #........ ...#
#.#.°...# #####'### '###
#)#..>o.# #..# <## ###.#○..°.#
##.# .÷# #...[.#####.......####
#........ .....##.............###
#........
........##.......##...###........
.....#####.......####...'........
.##### ####.#### #####........
..## #...# ######+## #..# #.###
#.# ##.# #.# #.#


You could see an orc warlord and 2 orc warriors.

Vanquished Creatures
  Rupert (Lair:3)
  Gastronok (Lair:2)
  Snorg (Lair:3)
  Harold (D:10)
  Josephine (D:10)
  4 catoblepae (Lair:6)
  5 hydras
  2 two-headed ogres
  6 death yaks (Lair:6)
  2 unseen horrors
  2 ugly things (D:11)
  A wolf spider (Lair:5)
  2 manticores (Lair:6)
  Maurice (D:9)
  A guardian serpent (Lair:2)
  6 black mambas
  6 elephants
  9 spiny frogs
  A torpor snail (Lair:4)
  2 gargoyles
  8 komodo dragons
  A rime drake (Lair:5)
  A troll (D:12)
  3 meliai (D:12)
  2 hornets
  2 bog bodies (Lair:3)
  18 blink frogs
  8 hippogriffs
  6 dream sheep (Lair:4)
  31 yaks
  2 shadows
  6 wraiths
  Eustachio (D:6)
  4 wyverns
  3 hungry ghosts
  Grum (D:10)
  A basilisk (Lair:6)
  3 vampire mosquitoes (D:12)
  13 water moccasins
  8 porcupines
  2 black bears
  3 sky beasts
  3 ice beasts
  2 phantoms
  6 ogres
  4 orc warriors
  A necrophage (D:12)
  11 centaurs
  20 crocodiles
  11 wolves
  A big kobold (D:11)
  17 bullfrogs
  A wyvern zombie (D:12)
  6 scorpions
  11 killer bees
  5 howler monkeys
  3 electric eels (Lair:1)
  A lava snake (D:11)
  5 crimson imps
  3 centaur zombies
  2 bullfrog zombies
  11 hounds
  5 jellies
  A quasit (D:3)
  12 orc wizards
  A bullfrog skeleton (D:4)
  5 centaur skeletons
  11 orc priests
  Jessica (D:2)
  6 hell rats
  2 iguanas
  11 worker ants
  A killer bee zombie (D:10)
  2 hound skeletons
  3 hound zombies
  2 worker ant zombies (D:4)
  3 gnolls (D:7)
  11 adders
  5 shadow imps
  5 adder zombies
  A worm (D:4)
  A dart slug (D:1)
  3 leopard geckos
  44 orcs
  11 bats
  9 giant cockroaches
  7 goblins
  5 hobgoblins
  9 jackals
  9 quokkas
  3 frilled lizards
  10 kobolds
  A quokka skeleton (D:9)
  A quokka zombie (D:4)
  11 rats
  3 fungi
521 creatures vanquished.

Vanquished Creatures (collateral kills)
  An elephant (Lair:6)
1 creature vanquished.

Vanquished Creatures (others)
  8 fungi
  12 plants
20 creatures vanquished.

Grand Total: 542 creatures vanquished

Notes
Turn   | Place    | Note
-------+----------+-------------------------------------------
     0 | D:1      | DearestLeader the Demonspawn Gladiator began the quest for
                  | the Orb.
     0 | D:1      | Reached XP level 1. HP: 16/16 MP: 1/1
   358 | D:1      | Gained mutation: You are partially covered in iridescent
                  | scales. (AC +2) [demonic ancestry]
   358 | D:1      | Reached XP level 2. HP: 18/23 MP: 2/2
   684 | D:1      | Reached skill level 1 in Armour
   908 | D:2      | Reached XP level 3. HP: 26/28 MP: 3/3
  1392 | D:2      | Gained mutation: You have large cloven feet. [demonic
                  | ancestry]
  1392 | D:2      | Reached XP level 4. HP: 34/34 MP: 4/4
  1476 | D:2      | Noticed Jessica
  1481 | D:2      | Killed Jessica
  2120 | D:3      | Gained mutation: You are mostly covered in iridescent
                  | scales. (AC +4) [demonic ancestry]
  2120 | D:3      | Reached XP level 5. HP: 22/41 MP: 5/5
  2928 | D:4      | Noticed an orc warrior
  2937 | D:4      | Noticed an ice beast
  3127 | D:4      | Killed an ice beast
  3127 | D:4      | Gained mutation: You regenerate a little health from kills.
                  | [demonic ancestry]
  3127 | D:4      | Reached XP level 6. HP: 23/48 MP: 6/6
  3415 | D:3      | Killed an orc warrior
  3470 | D:4      | Reached XP level 7. HP: 54/54 MP: 7/7
  3621 | D:4      | Reached skill level 5 in Armour
  3918 | D:4      | Found a sparkling altar of Nemelex Xobeh.
  4121 | D:5      | Entered Level 5 of the Dungeon
  4251 | D:5      | Found a burning altar of Makhleb.
  4252 | D:5      | Found a shimmering altar of Xom.
  4365 | D:5      | Reached skill level 1 in Maces & Flails
  4367 | D:5      | Reached skill level 5 in Fighting
  4367 | D:5      | Reached skill level 5 in Dodging
  4367 | D:5      | Gained mutation: You have hoof-like feet. [demonic
                  | ancestry]
  4367 | D:5      | Reached XP level 8. HP: 57/62 MP: 8/8
  4591 | D:5      | Reached skill level 2 in Maces & Flails
  4734 | D:6      | Reached skill level 3 in Maces & Flails
  4746 | D:6      | Noticed Eustachio
  4783 | D:6      | Killed Eustachio
  4926 | D:6      | Reached skill level 4 in Maces & Flails
  5059 | D:6      | Found a staircase to the Ecumenical Temple.
  5083 | Temple   | Entered the Ecumenical Temple
  5091 | Temple   | Became a worshipper of Qazlal Stormbringer
  5366 | D:7      | Found a basalt altar of Yredelemnul.
  5395 | D:7      | Noticed a gargoyle
  5496 | D:7      | Reached skill level 5 in Maces & Flails
  5573 | D:8      | Reached XP level 9. HP: 68/68 MP: 9/9
  5754 | D:8      | Reached skill level 6 in Maces & Flails
  6235 | D:7      | Found Ruin's Weapon Boutique.
  6394 | D:7      | Found an iron altar of Okawaru.
  6394 | D:7      | Found a hide-covered altar of Uskayaw.
  6501 | D:7      | Reached * piety under Qazlal
  6501 | D:7      | Reached skill level 7 in Maces & Flails
  6556 | D:7      | Killed a gargoyle
  6628 | D:7      | Found a glowing golden altar of the Shining One.
  6630 | D:7      | Noticed an angel
  6883 | D:7      | Reached skill level 8 in Maces & Flails
  7393 | D:9      | Identified a scroll of acquirement
  7394 | D:9      | Acquired 580 gold pieces
  7397 | D:9      | Found a staircase to the Orcish Mines.
  7423 | D:9      | Reached XP level 10. HP: 74/74 MP: 10/10
  7526 | D:9      | Found a roughly hewn altar of Beogh.
  7904 | D:10     | Entered Level 10 of the Dungeon
  7942 | D:10     | Noticed Grum
  7948 | D:10     | Killed Grum
  7989 | D:10     | Reached skill level 9 in Maces & Flails
  8107 | D:10     | Reached ** piety under Qazlal
  8351 | D:10     | Killed an unseen horror
  8472 | D:10     | Found a staircase to the Lair.
  8512 | D:10     | Reached skill level 10 in Maces & Flails
  8523 | D:10     | Noticed Harold
  8526 | D:10     | Noticed Josephine
  8534 | D:9      | Noticed Maurice
  8634 | D:9      | Killed Maurice
  8750 | D:10     | Killed Josephine
  8750 | D:10     | Gained mutation: You have hooves in place of feet. [demonic
                  | ancestry]
  8750 | D:10     | Reached XP level 11. HP: 76/79 MP: 14/14
  8785 | D:10     | Reached skill level 5 in Invocations
  8952 | D:10     | Killed Harold
  9081 | D:11     | Noticed a purple ugly thing
  9101 | D:11     | Reached skill level 11 in Maces & Flails
  9382 | D:11     | Reached *** piety under Qazlal
  9415 | D:11     | Killed a purple ugly thing
  9681 | D:11     | Noticed a white ugly thing
  9691 | D:11     | Killed a white ugly thing
  9745 | D:11     | Noticed a two-headed ogre
  9757 | D:11     | Killed a two-headed ogre
  9757 | D:11     | Reached skill level 10 in Armour
 10160 | D:12     | Noticed a two-headed ogre
 10166 | D:12     | Killed a two-headed ogre
 10166 | D:12     | Reached skill level 12 in Maces & Flails
 10238 | D:12     | Reached XP level 12. HP: 76/86 MP: 16/18
 10542 | Lair:1   | Entered Level 1 of the Lair of Beasts
 11229 | Lair:1   | Noticed a four-headed hydra
 11238 | Lair:1   | Killed a four-headed hydra
 11356 | Lair:1   | Found a runed translucent door.
 11358 | Lair:1   | Noticed Lavandula's ghost (journeyman CeAM)
 11681 | Lair:2   | Reached skill level 13 in Maces & Flails
 11767 | Lair:2   | Noticed a five-headed hydra
 11773 | Lair:2   | Killed a five-headed hydra
 11773 | Lair:2   | Reached skill level 10 in Invocations
 11851 | Lair:2   | Noticed Gastronok
 11866 | Lair:2   | Killed Gastronok
 11910 | Lair:2   | Noticed a five-headed hydra
 11918 | Lair:2   | Killed a five-headed hydra
 11918 | Lair:2   | Gained mutation: You are partially covered in sharp spines.
                  | [demonic ancestry]
 11918 | Lair:2   | Reached XP level 13. HP: 68/91 MP: 20/20
 12025 | Lair:2   | Found a staircase to the Snake Pit.
 12648 | Lair:3   | Found a staircase to the Swamp.
 12732 | Lair:3   | Reached **** piety under Qazlal
 13040 | Lair:3   | Noticed Rupert
 13059 | Lair:3   | Paralysed by Rupert for 3 turns
 13070 | Lair:3   | Killed Rupert
 13176 | Lair:3   | Noticed Snorg
 13184 | Lair:3   | Killed Snorg
 13184 | Lair:3   | Reached skill level 1 in Axes
 13326 | Lair:3   | Identified the Grimoire of Enthralling Flight
 14904 | Lair:5   | Reached ***** piety under Qazlal
 15467 | Lair:6   | Entered Level 6 of the Lair of Beasts
 15562 | Lair:6   | Reached skill level 5 in Axes
 15570 | Lair:5   | Reached XP level 14. HP: 65/98 MP: 22/22
 15818 | Lair:6   | Found a viscous altar of Jiyva.
 15819 | Lair:6   | Found a staircase to the Slime Pits.
 16409 | Lair:6   | Got a flickering platinum ring
 16411 | Lair:6   | Identified the ring of Heoniafean {+Fly EV+4 Int+4} (You
                  | found it on level 6 of the Lair of Beasts)
 16416 | Lair:6   | Got a distressingly furry scale mail
 16426 | Lair:6   | Identified the +3 scale mail of the Painted Slorg {MR+}
                  | (You found it on level 6 of the Lair of Beasts)
 16889 | Orc:1    | Entered Level 1 of the Orcish Mines
 16893 | Orc:1    | Noticed an orc warlord
 16915 | D:9      | Demolished by an orc warrior

Illustrated notes

Levels and vault maps discovered:
D:1:      lightli_arrival_maybe_door_vault, layout_basic
D:2:      layout_basic, uniq_jessica
D:3:      layout_basic, interstate_on_off, minivault_4,
          kennysheep_generic_room_5
D:4:      layout_cave_pools, first_ration, serial_undead, serial_undead_e,
          serial_undead_a, serial_undead_b, serial_undead_d,
          nemelex_diamond_rough_becter
D:5:      layout_basic, grunt_temple_overflow_champion_of_chaos
D:6:      layout_basic, minmay_temple_entry_proselytizer, uniq_eustachio
D:7:      layout_basic, grunt_temple_overflow_holy_war,
          amethyst_overflow_temple_binary, serial_shops, shop
D:8:      layout_cave_pools
D:9:      layout_roguey, minmay_orc_entry_temple_small, grunt_ogre_cave,
          lightli_fourway_metalbox, uniq_maurice
D:10:     layout_roguey, david_lair_generic, uniq_josephine, uniq_harold,
          uniq_grum
D:11:     minmay_ornate_pinched, layout_basic, nicolae_lava_and_water
D:12:     evilmike_diamond_2, layout_cave_pools, special_room
          [special_room_bee], serial_shops, shop
Temple:   nicolae_temple_x_marks_the_god
Lair:1:   layout_layer_cave, gammafunk_ghost_grave, serial_bayou_ford_a
Lair:2:   layout_regular_city, minmay_snake_entry_spellcaster,
          grunt_megastairs_4, uniq_gastronok
Lair:3:   layout_cave_pods, skrybe_swamp_entry_bodies, beast_lair_carwin_2,
          uniq_rupert, uniq_snorg
Lair:4:   layout_cave_shapes, beast_lair_carwin_9
Lair:5:   layout_gridlike, minmay_lair_oklob_chamber
Lair:6:   evilmike_catoblepas_cave, layout_gridlike, slime_altar_1,
          grunt_megastairs_2, lemuel_fruit_tree
Orc:1:    layout_caves, basic_altar

Skill      XL: |  1  2  3  4  5  6  7  8  9 10 11 12 13 14 |
---------------+-------------------------------------------+-----
Dodging        | 3 4 5 6 7 8 |  8.4
Armour         | 1 2 3 4 5 6 8 9 10 11 12 | 12.3
Fighting       | 3 4 5 |  5.0
Maces & Flails | 1 5 8 10 12 13 | 13.7
Invocations    | 4 8 10 11 12 | 12.6
Axes           | 5 7 |  7.1
Polearms       | |  2.6
Throwing       | |  1.7

Action                   |  1- 3 |  4- 6 |  7- 9 | 10-12 | 13-15 || total
-------------------------+-------+-------+-------+-------+-------++-------
Melee: Trident           |   150 |   247 |   151 |       |       ||   548
       Kick              |       |    48 |   153 |   263 |   157 ||   621
       Morningstar       |       |       |   416 |   776 |    72 ||  1264
       Unarmed           |       |       |     2 |       |       ||     2
       Battleaxe         |       |       |       |       |   312 ||   312
Throw: Dart              |       |       |     9 |       |       ||     9
Invok: Upheaval          |       |       |       |    12 |     5 ||    17
       Elemental Force   |       |       |       |       |     2 ||     2
  Use: Scroll            |       |     7 |     8 |     6 |     6 ||    27
       Potion            |       |     3 |     2 |     1 |       ||     6
 Stab: Invisible         |       |       |     1 |       |       ||     1
  Eat: Chunk             |     2 |     7 |    14 |    16 |    12 ||    51
       Ration            |       |       |       |     4 |     1 ||     5
Armor: Scale mail        |    71 |   151 |       |       |       ||   222
       Leather armour    |     4 |       |       |       |       ||     4
       Ring mail         |       |    94 |   412 |       |       ||   506
       Skin              |       |     9 |       |       |       ||     9
       Chain mail        |       |       |    18 |   815 |   253 ||  1086
Dodge: Dodged            |    81 |   306 |   607 |   485 |   203 ||  1682
       Repelled          |       |       |       |       |     2 ||     2
Block: Other             |       |       |     6 |   145 |   103 ||   254
